AoeStats
← HELLsing

Black Forest

510252973Analyzed
4v4 RM · 3d ago on Sep 30, 2026· 66m 44s· 8 players
Game mode
Random Map
Map size
Large (8 player)
Population
200
Speed
Normal
Resources
Standard
Victory
Conquest
Starting age
Dark Age
Ending age
Imperial Age
RankedLock teamsTeams togetherTeam positionsShared explorationLock speedFull tech treeHidden civsTurbo modeCheats
Victory
Defeat
🇨🇱 Khmer · Chile
706
+7
🇦🇷 Poles · Argentina
626
+10
🇺🇸 Teutons · United States
615
+10
🇮🇳 Turks · India
370
+19
🇵🇪 Vietnamese · Peru
598
-16
🇲🇽 Bohemians · Mexico
492
-12
🇺🇸 Wei · United States
450
-10
🇺🇸 Romans · United States
393
-8
EPYON182
1:26 Loom
11:58 Feudal Age
13:17 Wheelbarrow
19:08 Gold Mining
19:10 Stone Mining
25:30 Castle Age
25:16 Scale Mail Armor
25:28 Forging
26:29 Hand Cart
26:14 Horse Collar
26:27 Town Watch
27:24 Gold Shaft Mining
26:38 Double-Bit Axe
28:39 Man-at-Arms
28:42 Pikeman
29:23 Squires
30:24 Bow Saw
29:53 Long Swordsman
34:40 Pikeman
38:37 Chain Mail Armor
42:41 Ballistas
45:19 Iron Casting
45:25 Heavy Plow
49:36 Imperial Age
52:00 Heavy Scorpion
55:41 Halberdier
60:20 Legionary
ruskihitman1
15:03 Feudal Age
15:39 Double-Bit Axe
17:25 Stone Mining
17:26 Gold Mining
18:12 Horse Collar
23:17 Wheelbarrow
25:44 Castle Age
27:47 Caravan
28:29 Wheelbarrow
27:42 Loom
27:43 Town Watch
28:42 Stone Shaft Mining
28:52 Gold Shaft Mining
30:23 Hand Cart
36:33 Heavy Plow
36:48 Bow Saw
40:10 Imperial Age
39:32 Town Patrol
40:22 Tuntian
41:08 Forging
40:59 Scale Mail Armor
41:04 Scale Barding Armor
40:49 Fletching
41:00 Padded Archer Armor
48:46 Elite Tiger Cavalry
49:53 Ming Guang Armor
49:50 Conscription
Nefilin305EDMN
15:16 Feudal Age
17:00 Wheelbarrow
16:46 Double-Bit Axe
16:43 Horse Collar
22:11 Forging
22:03 Scale Mail Armor
22:04 Padded Archer Armor
21:54 Fletching
25:13 Castle Age
26:12 Hand Cart
26:36 Coinage
26:42 Chain Mail Armor
26:24 Bodkin Arrow
29:45 Bow Saw
29:37 Heavy Plow
30:16 Iron Casting
29:57 Leather Archer Armor
30:49 Pikeman
35:16 Chemistry
35:30 Squires
35:19 Arson
35:57 Wagenburg Tactics
41:41 Imperial Age
39:52 Fervor
41:57 Ballistics
41:47 Masonry
41:33 Murder Holes
41:49 Fortified Wall
43:17 Elite Hussite Wagon
44:19 Conscription
44:08 Loom
46:30 Architecture
46:06 Siege Engineers
46:51 Bombard Tower
47:33 Banking
47:06 Caravan
47:48 Hussite Reforms
49:01 Plate Mail Armor
48:23 Halberdier
51:25 Houfnice
57:22 Banking
57:03 Guilds
56:48 Guard Tower
59:25 Redemption
59:16 Atonement
59:37 Sanctity
Althair
12:23 Feudal Age
12:52 Double-Bit Axe
12:52 Horse Collar
15:17 Wheelbarrow
14:28 Town Watch
23:30 Castle Age
23:43 Fletching
24:45 Bow Saw
25:17 Hand Cart
25:31 Caravan
26:38 Heavy Plow
26:46 Gold Mining
37:52 Imperial Age
35:31 Town Patrol
35:25 Pikeman
36:05 Squires
35:52 Arson
39:13 Ballistics
39:54 Chemistry
38:51 Stone Mining
39:03 Padded Archer Armor
38:53 Fletching
39:15 Forging
39:05 Scale Mail Armor
38:32 Halberdier
38:36 Crossbowman
39:22 Thumb Ring
39:19 Arrowslits
39:37 Murder Holes
41:26 Theocracy
40:16 Elite Skirmisher
41:44 Arbalester
41:47 Imperial Skirmisher
42:58 Thumb Ring
43:40 Crop Rotation
44:35 Husbandry
44:46 Bloodlines
44:01 Cavalier
48:27 Bombard Tower
49:55 Onager
Gracious__Buds
0:27 Loom
14:22 Feudal Age
15:38 Wheelbarrow
14:46 Horse Collar
14:55 Double-Bit Axe
15:05 Stone Mining
15:07 Gold Mining
23:44 Castle Age
24:47 Hand Cart
24:34 Heavy Plow
24:48 Bow Saw
29:06 Fletching
29:37 Caravan
30:08 Coinage
30:18 Bodkin Arrow
33:45 Imperial Age
32:19 Scale Mail Armor
32:29 Forging
33:17 Ironclad
35:01 Crop Rotation
35:34 Two-Man Saw
34:58 Crenellations
35:50 Chemistry
36:17 Conscription
36:32 Banking
36:13 Guilds
35:44 Cavalier
36:36 Bloodlines
38:20 Hoardings
38:34 Gambesons
38:49 Squires
38:15 Man-at-Arms
38:21 Paladin
39:41 Ballistics
42:12 Chain Mail Armor
42:33 Iron Casting
42:10 Long Swordsman
42:37 Arson
42:30 Elite Teutonic Knight
44:30 Plate Mail Armor
45:09 Blast Furnace
44:28 Arrowslits
45:02 Two-Handed Swordsman
55:10 Champion
Kadyan
15:09 Feudal Age
16:03 Gold Mining
16:01 Double-Bit Axe
18:09 Wheelbarrow
24:48 Castle Age
23:13 Bloodlines
26:27 Husbandry
29:04 Stone Mining
29:49 Gold Shaft Mining
29:32 Horse Collar
30:06 Bow Saw
33:02 Squires
32:23 Man-at-Arms
35:42 Hand Cart
36:24 Long Swordsman
41:25 Imperial Age
41:31 Forging
41:22 Scale Mail Armor
41:27 Scale Barding Armor
42:27 Sipahi
42:17 Cavalier
44:59 Heavy Plow
46:22 Chain Barding Armor
46:17 Chain Mail Armor
51:12 Elite Janissary
62:27 Caravan
HELLsing
8:11 Loom
10:26 Feudal Age
11:44 Wheelbarrow
10:57 Double-Bit Axe
19:13 Castle Age
17:26 Gold Mining
17:19 Horse Collar
19:15 Bloodlines
19:31 Forging
19:34 Stone Mining
20:10 Bow Saw
19:34 Light Cavalry
22:26 Hand Cart
23:33 Iron Casting
26:37 Husbandry
27:51 Stone Shaft Mining
29:50 Scale Barding Armor
29:46 Scale Mail Armor
35:37 Imperial Age
36:29 Cavalier
37:31 Heavy Plow
39:13 Blast Furnace
38:34 Chain Barding Armor
39:34 Town Watch
40:20 Chain Mail Armor
39:55 Fletching
40:06 Padded Archer Armor
41:29 Town Patrol
41:42 Heavy Mounted Crossbowman
43:47 Lechitic Legacy
43:40 Szlachta Privileges
43:58 Lechitic Legacy
45:00 Winged Hussar
46:06 Conscription
46:08 Murder Holes
46:25 Masonry
47:28 Plate Mail Armor
46:54 Bodkin Arrow
47:33 Plate Mail Armor
47:34 Squires
47:20 Arson
47:23 Treadmill Crane
47:56 Fortified Wall
48:40 Coinage
48:11 Caravan
49:08 Elite Obuch
49:11 Pikeman
52:12 Chemistry
56:06 Siege Engineers
Jx
0:27 Loom
14:30 Feudal Age
17:20 Wheelbarrow
16:30 Town Watch
16:33 Double-Bit Axe
16:37 Horse Collar
19:45 Castle Age
25:51 Heavy Plow
26:33 Hand Cart
31:14 Fervor
34:44 Bow Saw
37:07 Imperial Age
34:31 Light Cavalry
35:21 Bloodlines
35:11 Husbandry
37:50 Caravan
37:37 Hussar
38:50 Scale Barding Armor
38:55 Forging
38:41 Onager
40:17 Chain Barding Armor
39:49 Fletching
41:41 Crop Rotation
41:53 Iron Casting
41:54 Plate Barding Armor
41:14 Bodkin Arrow
42:31 Conscription
42:47 Hoardings
42:13 Tusk Swords
42:52 Fortified Wall
43:43 Chemistry
43:03 Ballistics
42:53 Masonry
42:39 Murder Holes
42:49 Siege Engineers
45:13 Blast Furnace
44:15 Bracer
44:16 Scale Mail Armor
44:16 Padded Archer Armor
51:30 Elite Battle Elephant
52:35 Sappers
58:53 Stone Mining
58:53 Gold Mining
59:45 Architecture
59:32 Chain Mail Armor
59:33 Leather Archer Armor
63:55 Spies/Treason
65:17 Double Crossbow
Connection lost

Rejoining the realm…

Still unreachable

The connection could not be restored.

Session expired

The server has moved on; the page needs a fresh start.